 Dungeon Crawl Stone Soup version 0.29-a0-319-gad05b8d819 (webtiles) character file.

Game seed: 2767114507352144856

86 GigaChad the Ruffian (level 4, 0/42 HPs)
             Began as a Troll Warper on Apr 2, 2022.
             Was a Believer of Sif Muna.
             Slain by a gnoll shaman
             ... wielding a +0 club
              (5 damage)
             ... on level 4 of the Dungeon.
             The game lasted 00:13:17 (1372 turns).

GigaChad the Ruffian (Troll Warper)                 Turns: 1372, Time: 00:13:18

Health: 0/42       AC:  4    Str: 19    XL:     4   Next: 27%
Magic:  4/4        EV: 14    Int:  9    God:    Sif Muna [**....]
Gold:   52         SH:  0    Dex: 11    Spells: 5/5 levels left

rFire   . . .      SeeInvis .   q - +0 scimitar (vorpal)
rCold   . . .      Faith    .   (no shield)
rNeg    . . .      Spirit   .   a - +0 robe
rPois   +          Reflect  .   (helmet restricted)
rElec   .          Harm     .   (no cloak)
rCorr   .          Rampage  .   (gloves unavailable)
Will    .....                   (boots unavailable)
Stlth   +.........              (no amulet)
HPRegen 0.94/turn               f - +4 ring of evasion
MPRegen 0.09/turn               r - ring of poison resistance

@: lit by a corona, glowing
A: large, unfitting armour, claws 3, regeneration 1, shaggy fur 1, tough skin 1
a: Renounce Religion, Channel Magic


You were on level 4 of the Dungeon.
You worshipped Sif Muna.
Sif Muna was pleased with you.
You visited 1 branch of the dungeon, and saw 4 of its levels.

You collected 52 gold pieces.

Inventory:

Hand Weapons
 h - a +0 dagger
 i - a +0 club
 o - a +0 falchion
 p - a +1 whip of electrocution
 q - a +0 vorpal scimitar (weapon)
Missiles
 c - 7 boomerangs of dispersal (quivered)
Armour
 a - a +0 robe (worn)
 g - a +0 helmet
Magical Staves
 l - a staff of air
Jewellery
 f - a +4 ring of evasion (left claw)
 r - a ring of poison resistance (right claw)
Scrolls
 b - a scroll of blinking
 m - a scroll of fear
 n - a scroll of identify
Potions
 d - a potion of haste {unknown}
 e - a potion of cancellation
 k - 2 potions of degeneration {unknown}


   Skills:
 + Level 2.0 Fighting
 + Level 0.8 Throwing
 + Level 2.4 Dodging
 + Level 0.1 Stealth
 + Level 3.1 Unarmed Combat
 + Level 1.2 Spellcasting
 + Level 2.7 Translocations


You had 5 spell levels left.
You didn't know any spells.
Your spell library contained the following spells:

 Spells                   Type           Power      Damage    Failure   Level
 Blink                    Tloc           10%        N/A       19%         2
 Gell's Gravitas          Tloc           5%         N/A       34%         3
 Lesser Beckoning         Tloc           5%         N/A       34%         3
 Teleport Other           Tloc           5%         N/A       34%         3
 Summon Small Mammal      Summ           0%         N/A       36%         1
 Call Canine Familiar     Summ           0%         N/A       73%         3
 Summon Guardian Golem    Hex/Summ       0%         N/A       73%         3
 Manifold Assault         Tloc           5%         N/A       97%         5


Dungeon Overview and Level Annotations

Branches:
Dungeon (4/15)
 Temple: D:4-7

Altars:
Sif Muna
Xom


Innate Abilities, Weirdness & Mutations

You are too large for most types of armour.
You have claws for hands.
Your natural rate of healing is unusually fast.
You are covered in fur. (AC +1)
You have tough skin. (AC +1)


Message History

You barely miss the orc.
The orc is almost dead.
The orc barely misses you.
You closely miss the orc. You claw the orc, but do no damage.
The orc is almost dead.
The gnoll shaman closely misses you. The gnoll barely misses you.
The orc closely misses you.
The gnoll hits you from afar with a +0 spear.
The gnoll hits you with a +0 whip. The orc hits you but does no damage.
The gnoll barely misses you. The gnoll shaman closely misses you.
You closely miss the gnoll. The gnoll hits you but does no damage.
The orc closely misses you. The gnoll closely misses you.
You hit the gnoll shaman.
The gnoll shaman is moderately wounded.
The gnoll barely misses you. The gnoll closely misses you. x2
The orc misses you. The gnoll completely misses you.
The orc hits you with a +0 dagger.
The gnoll shaman hits you with a +0 club.
The gnoll misses you.
The gnoll hits you from afar with a +0 spear!
You slash the gnoll shaman!
The gnoll shaman is severely wounded.
The gnoll shaman invokes the aid of its god against you.
You are outlined in light.
The orc hits you with a +0 dagger. The gnoll barely misses you.
The gnoll hits you from afar with a +0 spear.
You barely miss the gnoll shaman.
The gnoll shaman is severely wounded.
The gnoll shaman hits you with a +0 club.
The gnoll hits you from afar with a +1 spear of flaming.
The gnoll burns you. The gnoll hits you with a +0 whip.
* * * LOW HITPOINT WARNING * * *
The orc closely misses you.
The gnoll hits you from afar with a +0 spear.
* * * LOW HITPOINT WARNING * * *
The gnoll attacks as you move away! The gnoll barely misses you.
Found a club.
The gnoll shaman misses you.
The gnoll shaman attacks as you move away!
The gnoll shaman hits you with a +0 club.
You die...

##+#...)...
..........
..........
.......$.
....... #....#
#....# +@...#
#gg..# ...
#ogg.####...
.######.g......#
......#........#
...........$...#
.PPP...........#
gP.............#
PP....P...<#####


You could see a gnoll shaman, 4 gnolls and an orc.

Vanquished Creatures
  Robin (D:2)
  2 adders
  A worm (D:2)
  2 dart slugs
  2 orcs (D:3)
  6 bats (D:1)
  2 endoplasms
  A giant cockroach (D:2)
  11 goblins
  6 hobgoblins
  2 jackals (D:3)
  A quokka (D:1)
  3 ball pythons
  2 frilled lizards
  4 kobolds
  3 rats
49 creatures vanquished.

Vanquished Creatures (others)
  5 plants
5 creatures vanquished.

Grand Total: 54 creatures vanquished

Notes
Turn   | Place    | Note
-------+----------+-------------------------------------------
     0 | D:1      | GigaChad the Troll Warper began the quest for the Orb.
     0 | D:1      | Reached XP level 1. HP: 19/19 MP: 1/1
   157 | D:1      | Reached XP level 2. HP: 28/28 MP: 2/2
   340 | D:2      | Found a faded altar of an unknown god.
   364 | D:2      | Prayed at the altar of an unknown god.
   364 | D:2      | Became a worshipper of Sif Muna the Loreminder
   364 | D:2      | Reached * piety under Sif Muna
   475 | D:2      | Reached XP level 3. HP: 27/35 MP: 3/3
   677 | D:2      | Noticed Robin
   751 | D:2      | Killed Robin
   934 | D:3      | Found a shimmering altar of Xom.
  1157 | D:3      | Reached ** piety under Sif Muna
  1158 | D:3      | Reached skill level 3 in Unarmed Combat
  1158 | D:3      | Reached XP level 4. HP: 40/42 MP: 4/4
  1372 | D:4      | Slain by a gnoll shaman

Illustrated notes

Levels and vault maps discovered:
D:1:      psy_arrival_radial02, layout_loops_ring, minmay_box_of_dots
D:2:      wander_river, layout_loops_corners, shapermc_ecumenical_altar_ellora,
          serial_shops, shop, minmay_goblin_kobold_house, uniq_robin
D:3:      layout_rooms, xom_redecorated
D:4:      layout_gridville, mainiacjoe_overflow_chevrons, lemuel_tele_altar,
          minmay_temple_entry_stoned_glass, serial_shops, nicolae_square_shop,
          nicolae_grassy_gnolls

Skill      XL: |  1  2  3  4 |
---------------+-------------+-----
Dodging        | 2 |  2.4
Unarmed Combat | 3 |  3.1
Fighting       | 2 |  2.0
Throwing       | |  0.8
Stealth        | |  0.1
Spellcasting   | |  1.2
Translocations | |  2.7

Action                   |  1- 3 |  4- 6 || total
-------------------------+-------+-------++-------
Melee: Unarmed           |   121 |    14 ||   135
       Scimitar          |       |    16 ||    16
       Punch             |       |     2 ||     2
  Use: Scroll            |       |     4 ||     4
Armor: Robe              |    79 |     9 ||    88
Dodge: Dodged            |   153 |    50 ||   203

Table legend: (Time is in decaauts)
 A = Elapsed time spent in this place.
 B = Non-inter-level travel time spent in this place.
 C = Inter-level travel time spent in this place.
 D = Time resting spent in this place.
 E = Time spent auto-exploring this place.
 F = Levels seen in this place.
 G = Mean time per level.
                   A        B        C        D        E       F      G
               +--------+--------+--------+--------+--------+-----+--------+
         Total |   1381 |   1319 |     62 |      0 |      0 |   4 |  345.2 |
       Dungeon |   1381 |   1319 |     62 |      0 |      0 |   4 |  345.2 |
               +--------+--------+--------+--------+--------+-----+--------+

Top non-repeatable levels by time:
     D:2: 591 daAuts
     D:3: 444 daAuts
     D:1: 326 daAuts
     D:4: 19 daAuts
